MLB
NEW YORK METS @ MIAMI MARLINS
07/11/2020
 
TOP OF THE 1ST
New York Mets batting - Pitching for Miami Marlins : RHP Daniel Gossett
Pitching: RHP Daniel Gossett
Batting: RHB Oscar Mercado 0-0: Ball
1-0: Ball
2-0: Ball
3-0: Swinging Strike
3-1: Fly out, F8 (Flyball, 89D, EV 85.0 MPH)
Batting: RHB Starlin Castro 0-0: Ball
1-0: Called Strike
1-1: Ball
2-1: Swinging Strike
2-2: Strikes out swinging
Batting: RHB Rhys Hoskins 0-0: Called Strike
0-1: Swinging Strike
0-2: Ball
1-2: Strikes out swinging
Top of the 1st over - 0 runs, 0 hits, 0 errors, 0 left on base; New York 0 - Miami 0
BOTTOM OF THE 1ST
Miami Marlins batting - Pitching for New York Mets : RHP Dakota Hudson
Pitching: RHP Dakota Hudson
Batting: RHB Victor Robles 0-0: Ball
1-0: Called Strike
1-1: Called Strike
1-2: Fly out, F8 (Line Drive, 8RD, EV 86.3 MPH)
Batting: SHB Francisco Lindor 0-0: Fly out, F7 (Flyball, 78M, EV 83.8 MPH)
Batting: RHB Javier Baez 0-0: Ball
1-0: Called Strike
1-1: Ball
2-1: SINGLE (Groundball, 56D, EV 100.0 MPH)
Batting: LHB Michael Conforto 0-0: Ball
1-0: Called Strike
1-1: Ball
2-1: Ball
3-1: Called Strike
3-2: Fly out, F9 (Flyball, 89M, EV 85.0 MPH)
Bottom of the 1st over - 0 runs, 1 hit, 0 errors, 1 left on base; New York 0 - Miami 0
TOP OF THE 2ND
New York Mets batting - Pitching for Miami Marlins : RHP Daniel Gossett
Batting: LHB Eddie Rosario 0-0: Ball
1-0: Ball
2-0: Ground out 6-3 (Groundball, 4D, EV 106.3 MPH)
Batting: RHB Salvador Perez 0-0: Called Strike
0-1: Foul Ball, location: 2F
0-2: Ball
1-2: SINGLE (Groundball, 6D, EV 101.9 MPH)
Batting: LHB Travis Shaw 0-0: Ball
1-0: Ball
2-0: Foul Ball, location: 2F
2-1: Called Strike
2-2: Foul Ball, location: 2F
2-2: Ball
3-2: Foul Ball, location: 2F
3-2: Foul Ball, location: 2F
3-2: Fly out, F8 (Flyball, 8RM, EV 90.6 MPH)
Batting: SHB Jonathan Villar 0-0: Ball
1-0: Ball
2-0: Ball
3-0: Base on Balls
Salvador Perez to second
Batting: SHB Ehire Adrianza 0-0: Ball
1-0: Foul Ball, location: 2F
1-1: Ball
2-1: Ball
3-1: SINGLE (Line Drive, 34, EV 106.3 MPH)
Salvador Perez to third
Jonathan Villar to second
Runner from 3rd tries for Home, throw by RF and OUT! 9-2
Top of the 2nd over - 0 runs, 2 hits, 0 errors, 2 left on base; New York 0 - Miami 0
BOTTOM OF THE 2ND
Miami Marlins batting - Pitching for New York Mets : RHP Dakota Hudson
Batting: RHB Miguel Andujar 0-0: Foul Ball, location: 2F
0-1: Foul Ball, location: 2F
0-2: Ball
1-2: Strikes out swinging
Batting: LHB Kyle Tucker 0-0: Bunt for hit to P - play at first, batter safe!
Batting: RHB Raudy Read 0-0: Ball
1-0: Foul Ball, location: 2F
1-1: Grounds into double play, 6-4-3 (Groundball, 6, EV 87.5 MPH)
Bottom of the 2nd over - 0 runs, 1 hit, 0 errors, 0 left on base; New York 0 - Miami 0
TOP OF THE 3RD
New York Mets batting - Pitching for Miami Marlins : RHP Daniel Gossett
Batting: RHB Dakota Hudson 0-0: Ball
1-0: Swinging Strike
1-1: Ball
2-1: Foul Ball, location: 2F
2-2: Foul Ball, location: 2F
2-2: Strikes out swinging
Batting: RHB Oscar Mercado 0-0: Hit by Pitch
Batting: RHB Starlin Castro 0-0: Ball
1-0: SINGLE (Line Drive, 78M, EV 105.0 MPH)
Oscar Mercado to second
Runner from 2nd tries for 3rd, SAFE, throw by LF made to third
Batting: RHB Rhys Hoskins 0-0: Ball
1-0: Ball
2-0: Foul Ball, location: 2F
2-1: Foul Ball, location: 2F
2-2: Ball
3-2: Grounds into double play, 6-4-3 (Groundball, 6, EV 94.4 MPH)
Top of the 3rd over - 0 runs, 1 hit, 0 errors, 1 left on base; New York 0 - Miami 0
BOTTOM OF THE 3RD
Miami Marlins batting - Pitching for New York Mets : RHP Dakota Hudson
Batting: RHB C.J. Cron 0-0: Foul Ball, location: 2F
0-1: Fly out, F9 (Flyball, 9D, EV 82.5 MPH)
Batting: RHB Daniel Gossett 0-0: Fly out, F9 (Flyball, 9, EV 92.5 MPH)
Batting: RHB Victor Robles 0-0: Called Strike
0-1: Called Strike
0-2: Strikes out swinging
Bottom of the 3rd over - 0 runs, 0 hits, 0 errors, 0 left on base; New York 0 - Miami 0
TOP OF THE 4TH
New York Mets batting - Pitching for Miami Marlins : RHP Daniel Gossett
Batting: LHB Eddie Rosario 0-0: DOUBLE (Flyball, 8RXD, EV 95.6 MPH)
Batting: RHB Salvador Perez 0-0: Called Strike
0-1: Foul Ball, location: 2F
0-2: Strikes out swinging
Batting: LHB Travis Shaw 0-0: Called Strike
0-1: DOUBLE (Line Drive, 3D, EV 103.8 MPH)
Eddie Rosario scores
Batting: SHB Jonathan Villar 0-0: Ball
1-0: Fly out, F7 (Flyball, 7D, EV 104.4 MPH)
Runner from 2nd tags up, SAFE at 3rd, no throw by LF
Batting: SHB Ehire Adrianza 0-0: Ball
1-0: Ground out 1-3 (Groundball, 13S, EV 63.8 MPH)
Top of the 4th over - 1 run, 2 hits, 0 errors, 1 left on base; New York 1 - Miami 0
BOTTOM OF THE 4TH
Miami Marlins batting - Pitching for New York Mets : RHP Dakota Hudson
Batting: SHB Francisco Lindor 0-0: Ball
1-0: Ball
2-0: Called Strike
2-1: Ball
3-1: Called Strike
3-2: Base on Balls
Batting: RHB Javier Baez 0-0: Ball
1-0: Swinging Strike
1-1: Ball
2-1: Ball
Francisco Lindor steals 2nd base
3-1: Foul Ball, location: 2F
3-2: SINGLE (Groundball, 34D, EV 105.0 MPH)
Francisco Lindor to third
Runner from 3rd tries for Home, SAFE, throw by RF to home
Batting: LHB Michael Conforto 0-0: Ball
1-0: Ball
2-0: Called Strike
2-1: Ball
3-1: Foul Ball, location: 2F
3-2: Foul Ball, location: 2F
3-2: Base on Balls
Javier Baez to second
Batting: RHB Miguel Andujar 0-0: Ball
1-0: Ball
2-0: Ball
3-0: Called Strike
3-1: DOUBLE (Flyball, 9LD, EV 105.0 MPH)
Javier Baez scores
Michael Conforto to third
Batting: LHB Kyle Tucker 0-0: Ball
1-0: Ball
2-0: Foul Ball, location: 2F
2-1: Foul Ball, location: 2F
2-2: Fly out, F8 (Line Drive, 8RD, EV 100.6 MPH)
Runner from 3rd tags up, OUT at HOME! 8-2
Miguel Andujar to third
Batting: RHB Raudy Read 0-0: Swinging Strike
0-1: Swinging Strike
0-2: Ball
1-2: Ball
2-2: Foul Ball, location: 2F
2-2: Strikes out swinging
Bottom of the 4th over - 2 runs, 2 hits, 0 errors, 1 left on base; New York 1 - Miami 2
TOP OF THE 5TH
New York Mets batting - Pitching for Miami Marlins : RHP Daniel Gossett
Batting: RHB Dakota Hudson 0-0: Ball
1-0: Called Strike
1-1: Ground out 5-3 (Groundball, 5, EV 81.3 MPH)
Batting: RHB Oscar Mercado 0-0: Ball
1-0: Ball
2-0: Ball
3-0: Base on Balls
Batting: RHB Starlin Castro 0-0: Called Strike
0-1: Ball
1-1: Swinging Strike
1-2: Ball
2-2: Fly out, F9 (Flyball, 9S, EV 78.1 MPH)
Batting: RHB Rhys Hoskins 0-0: Called Strike
0-1: Foul Ball, location: 2F
0-2: Fielders Choice at 2nd, 6-4 (Groundball, 6, EV 81.3 MPH)
Top of the 5th over - 0 runs, 0 hits, 0 errors, 1 left on base; New York 1 - Miami 2
BOTTOM OF THE 5TH
Miami Marlins batting - Pitching for New York Mets : RHP Dakota Hudson
Batting: RHB C.J. Cron 0-0: Swinging Strike
0-1: Ball
1-1: Fly out, F6 (Popup, 6D, EV 48.1 MPH)
Batting: RHB Daniel Gossett 0-0: Ball
1-0: Ground out 6-3 (Groundball, 6, EV 102.5 MPH)
Batting: RHB Victor Robles 0-0: Foul Ball, location: 2F
0-1: Ball
1-1: Called Strike
1-2: Ball
2-2: Foul Ball, location: 2F
2-2: SINGLE (Groundball, 6S, EV 65.6 MPH) (infield hit)
Batting: SHB Francisco Lindor 0-0: Called Strike
Victor Robles is caught stealing 2nd base 2-6
Bottom of the 5th over - 0 runs, 1 hit, 0 errors, 0 left on base; New York 1 - Miami 2
TOP OF THE 6TH
New York Mets batting - Pitching for Miami Marlins : RHP Daniel Gossett
Batting: LHB Eddie Rosario 0-0: Fly out, F9 (Flyball, 9, EV 95.0 MPH)
Batting: RHB Salvador Perez 0-0: Ball
1-0: Called Strike
1-1: Ground out 6-3 (Groundball, 6M, EV 106.3 MPH)
Batting: LHB Travis Shaw 0-0: Ball
1-0: Ball
2-0: Called Strike
2-1: Foul Ball, location: 2F
2-2: Ground out 6-3 (Groundball, 4, EV 80.6 MPH)
Top of the 6th over - 0 runs, 0 hits, 0 errors, 0 left on base; New York 1 - Miami 2
BOTTOM OF THE 6TH
Miami Marlins batting - Pitching for New York Mets : RHP Dakota Hudson
Batting: SHB Francisco Lindor 0-0: Ball
1-0: Foul Ball, location: 2F
1-1: Foul Ball, location: 2F
1-2: Ball
2-2: Ball
3-2: Foul Ball, location: 2F
3-2: Strikes out swinging
Batting: RHB Javier Baez 0-0: Called Strike
0-1: Ball
1-1: Swinging Strike
1-2: Foul Ball, location: 2F
1-2: Ball
2-2: Strikes out swinging
Batting: LHB Michael Conforto 0-0: Ball
1-0: Called Strike
1-1: Ground out 1-3 (Groundball, 34S, EV 67.5 MPH)
Bottom of the 6th over - 0 runs, 0 hits, 0 errors, 0 left on base; New York 1 - Miami 2
TOP OF THE 7TH
New York Mets batting - Pitching for Miami Marlins : RHP Daniel Gossett
Pitching: RHP Ian Kennedy
Batting: SHB Jonathan Villar 0-0: Ball
1-0: Ball
2-0: Swinging Strike
2-1: Foul Ball, location: 2F
2-2: Foul Ball, location: 2F
2-2: Ground out 1-3 (Groundball, 34S, EV 66.9 MPH)
Batting: SHB Ehire Adrianza 0-0: Fly out, F7 (Flyball, 7LS, EV 93.1 MPH)
Pinch Hitting: SHB Bryan Reynolds 0-0: Ball
1-0: Called Strike
1-1: Ball
2-1: Fly out, F8 (Flyball, 8LXD, EV 108.8 MPH)
Top of the 7th over - 0 runs, 0 hits, 0 errors, 0 left on base; New York 1 - Miami 2
BOTTOM OF THE 7TH
Miami Marlins batting - Pitching for New York Mets : RHP Dakota Hudson
Pitching: RHP Peter Fairbanks
Batting: RHB Miguel Andujar 0-0: Swinging Strike
0-1: Swinging Strike
0-2: Strikes out swinging
Batting: LHB Kyle Tucker 0-0: Foul Ball, location: 2F
0-1: Swinging Strike
0-2: Ball
1-2: Ball
2-2: SINGLE (Groundball, 34S, EV 74.4 MPH) (infield hit)
Batting: RHB Raudy Read 0-0: Ball
Kyle Tucker is caught stealing 2nd base 2-4
1-0: Foul Ball, location: 2F
1-1: Ball
2-1: Ball
3-1: Base on Balls
Batting: RHB C.J. Cron 0-0: Called Strike
0-1: Called Strike
0-2: Ball
1-2: Foul Ball, location: 2F
1-2: Strikes out swinging
Bottom of the 7th over - 0 runs, 1 hit, 0 errors, 1 left on base; New York 1 - Miami 2
TOP OF THE 8TH
New York Mets batting - Pitching for Miami Marlins : RHP Ian Kennedy
Pitching: RHP David Carpenter
Batting: RHB Oscar Mercado 0-0: Called Strike
0-1: Ball
1-1: Swinging Strike
1-2: Hit by Pitch
Batting: RHB Starlin Castro 0-0: Called Strike
0-1: Ball
1-1: Ball
2-1: Swinging Strike
2-2: Strikes out swinging
Batting: RHB Rhys Hoskins 0-0: Ball
1-0: Called Strike
1-1: Called Strike
1-2: Strikes out swinging
Pitching: LHP Conner Menez
Batting: LHB Eddie Rosario 0-0: 2-RUN HOME RUN (Line Drive, 9LD, EV 104.4 MPH), Distance : 365 ft
Batting: RHB Salvador Perez 0-0: Swinging Strike
0-1: Swinging Strike
0-2: Ball
1-2: Ball
2-2: Ball
3-2: Strikes out looking
Top of the 8th over - 2 runs, 1 hit, 0 errors, 0 left on base; New York 3 - Miami 2
BOTTOM OF THE 8TH
Miami Marlins batting - Pitching for New York Mets : RHP Peter Fairbanks
Pinch Hitting: LHB Brandon Belt 0-0: SINGLE (Groundball, 4MD, EV 105.0 MPH)
Batting: RHB Victor Robles 0-0: Foul Ball, location: 2F
0-1: Foul Ball, location: 2F
0-2: Foul Ball, location: 2F
0-2: SINGLE (Line Drive, 78S, EV 106.3 MPH)
Brandon Belt to second
Batting: SHB Francisco Lindor 0-0: Swinging Strike
0-1: Swinging Strike
0-2: Strikes out swinging
Pitching: RHP Giovanny Gallegos
Batting: RHB Javier Baez 0-0: SINGLE (Line Drive, 8LM, EV 98.1 MPH)
Brandon Belt to third
Victor Robles to second
Batting: LHB Michael Conforto 0-0: Ball
1-0: Ball
2-0: Foul Ball, location: 2F
2-1: Fly out, F8 (Flyball, 89D, EV 106.3 MPH)
Runner from 3rd tags up, SCORES, throw by CF
Victor Robles to third
Batting: RHB Miguel Andujar 0-0: Ball
1-0: Called Strike
1-1: Swinging Strike
1-2: Strikes out swinging
Bottom of the 8th over - 1 run, 3 hits, 0 errors, 2 left on base; New York 3 - Miami 3
TOP OF THE 9TH
New York Mets batting - Pitching for Miami Marlins : LHP Conner Menez
Pitching: RHP Jordan Hicks
Batting: LHB Travis Shaw 0-0: Foul Ball, location: 2F
0-1: Ball
1-1: Ball
2-1: Ball
3-1: Swinging Strike
3-2: Foul Ball, location: 2F
3-2: Foul Ball, location: 2F
3-2: Base on Balls
Batting: SHB Jonathan Villar 0-0: Ball
1-0: Swinging Strike
1-1: Ball
Wild Pitch!
Travis Shaw to second
2-1: Swinging Strike
2-2: Ball
3-2: Base on Balls
Batting: SHB Ehire Adrianza 0-0: Swinging Strike
0-1: Foul Ball, location: 2F
0-2: Strikes out swinging
Pinch Hitting: LHB Mike Moustakas 0-0: Called Strike
0-1: Swinging Strike
0-2: Ball
1-2: Strikes out swinging
Pitching: LHP Brock Burke
Batting: RHB Oscar Mercado 0-0: Ball
1-0: Fly out, F9 (Flyball, 9LM, EV 96.3 MPH)
Top of the 9th over - 0 runs, 0 hits, 0 errors, 2 left on base; New York 3 - Miami 3
BOTTOM OF THE 9TH
Miami Marlins batting - Pitching for New York Mets : RHP Giovanny Gallegos
Pitching: RHP Adam Cimber
Batting: LHB Kyle Tucker 0-0: Called Strike
0-1: Called Strike
0-2: Ball
1-2: Ball
2-2: Foul Ball, location: 2F
2-2: Strikes out swinging
Batting: RHB Raudy Read 0-0: Foul Ball, location: 2F
0-1: Ball
1-1: Swinging Strike
1-2: Ball
2-2: Foul Ball, location: 2F
2-2: Strikes out swinging
Batting: RHB C.J. Cron 0-0: Swinging Strike
0-1: Ball
1-1: Swinging Strike
1-2: Foul Ball, location: 2F
1-2: Ball
2-2: Strikes out swinging
Bottom of the 9th over - 0 runs, 0 hits, 0 errors, 0 left on base; New York 3 - Miami 3
TOP OF THE 10TH
New York Mets batting - Pitching for Miami Marlins : LHP Brock Burke
Batting: RHB Starlin Castro 0-0: Fly out, F7 (Line Drive, 7, EV 97.5 MPH)
Batting: RHB Rhys Hoskins 0-0: Ball
1-0: Ball
2-0: Foul Ball, location: 2F
2-1: Swinging Strike
2-2: Strikes out swinging
Batting: LHB Eddie Rosario 0-0: Called Strike
0-1: Swinging Strike
0-2: Strikes out looking
Top of the 10th over - 0 runs, 0 hits, 0 errors, 0 left on base; New York 3 - Miami 3
BOTTOM OF THE 10TH
Miami Marlins batting - Pitching for New York Mets : RHP Adam Cimber
Pitching: RHP Corey Knebel
Batting: LHB Brock Burke 0-0: Called Strike
0-1: Ball
1-1: Ball
2-1: Ball
3-1: Called Strike
3-2: Foul Ball, location: 2F
3-2: Strikes out looking
Batting: RHB Victor Robles 0-0: Called Strike
0-1: Foul Ball, location: 2F
0-2: Ball
1-2: Ball
2-2: Strikes out swinging
Batting: SHB Francisco Lindor 0-0: Ball
1-0: SINGLE (Flyball, 8LS, EV 95.0 MPH)
Batting: RHB Javier Baez 0-0: Ball
1-0: Swinging Strike
1-1: Called Strike
1-2: Ball
2-2: Foul Ball, location: 2F
2-2: Strikes out swinging
Bottom of the 10th over - 0 runs, 1 hit, 0 errors, 1 left on base; New York 3 - Miami 3
TOP OF THE 11TH
New York Mets batting - Pitching for Miami Marlins : LHP Brock Burke
Batting: RHB Salvador Perez 0-0: Ball
1-0: Ball
2-0: Ball
3-0: Called Strike
3-1: Fly out, F6 (Popup, 6, EV 78.8 MPH)
Batting: LHB Travis Shaw 0-0: Ball
1-0: Ball
2-0: Called Strike
2-1: Ball
3-1: Base on Balls
Batting: SHB Jonathan Villar 0-0: Foul Ball, location: 2F
0-1: Fly out, F8 (Line Drive, 8LM, EV 95.6 MPH)
Batting: SHB Ehire Adrianza 0-0: Called Strike
0-1: Foul Ball, location: 2F
0-2: Ball
1-2: Fly out, F3 (Popup, 3SF, EV 88.1 MPH)
Top of the 11th over - 0 runs, 0 hits, 0 errors, 1 left on base; New York 3 - Miami 3
BOTTOM OF THE 11TH
Miami Marlins batting - Pitching for New York Mets : RHP Corey Knebel
Pitching: RHP John Gant
Now at SS: Nick Ahmed
Batting: LHB Michael Conforto 0-0: Ball
1-0: Called Strike
1-1: Ground out 1-3 (Groundball, 34S, EV 66.9 MPH)
Batting: RHB Miguel Andujar 0-0: Foul Ball, location: 2F
0-1: Ball
1-1: Foul Ball, location: 2F
1-2: Foul Ball, location: 2F
1-2: Ball
2-2: Ball
3-2: Fly out, F5 (Popup, 5S, EV 83.8 MPH)
Batting: LHB Kyle Tucker 0-0: Called Strike
0-1: Called Strike
0-2: Ball
1-2: Strikes out swinging
Bottom of the 11th over - 0 runs, 0 hits, 0 errors, 0 left on base; New York 3 - Miami 3
TOP OF THE 12TH
New York Mets batting - Pitching for Miami Marlins : LHP Brock Burke
Batting: RHB Nick Ahmed 0-0: Ball
1-0: Swinging Strike
1-1: Swinging Strike
1-2: TRIPLE (Line Drive, 8RXD, EV 103.1 MPH)
Batting: RHB Oscar Mercado 0-0: Ground out 4-3 (Groundball, 4, EV 91.3 MPH)
Batting: RHB Starlin Castro 0-0: Called Strike
0-1: Ball
1-1: Ball
2-1: Ground out 6-3 (Groundball, 6, EV 86.3 MPH)
Batting: RHB Rhys Hoskins 0-0: Intentional Walk
Pitching: RHP Emmanuel Clase
Batting: LHB Eddie Rosario 0-0: Called Strike
0-1: Swinging Strike
0-2: Foul Ball, location: 2F
0-2: Strikes out looking
Top of the 12th over - 0 runs, 1 hit, 0 errors, 2 left on base; New York 3 - Miami 3
BOTTOM OF THE 12TH
Miami Marlins batting - Pitching for New York Mets : RHP John Gant
Batting: RHB Raudy Read 0-0: Foul Ball, location: 2F
0-1: Ball
1-1: Ball
2-1: Called Strike
2-2: SINGLE (Groundball, 56D, EV 110.6 MPH)
Batting: RHB C.J. Cron 0-0: Ball
1-0: Foul Ball, location: 2F
1-1: Ball
2-1: Ball
3-1: SINGLE (Groundball, 5D, EV 99.4 MPH)
Raudy Read to second
Pinch Hitting: RHB Adam Duvall 0-0: Ball
1-0: Fly out, F5 (Popup, 5, EV 71.3 MPH)
Batting: RHB Victor Robles 0-0: Called Strike
0-1: Ball
1-1: Ball
2-1: SINGLE (Line Drive, 7S, EV 93.1 MPH)
Raudy Read to third
C.J. Cron to second
Runner from 3rd tries for Home, SAFE, throw by LF to home
Bottom of the 12th over - 1 run, 3 hits, 0 errors, 0 left on base; New York 3 - Miami 4
Tuesday, September 8th, 2020 - OOTP Baseball 21.5 Build 76